 Dungeon Crawl Stone Soup version 0.29-a0-375-g5102b3be25 (webtiles) character file.

Game seed: 14377038816433764466

9 jaega1 the Charlatan (level 2, -1/21 HPs)
             Began as a Demonspawn Artificer on May 3, 2022.
             Slain by a jackal (2 damage)
             ... on level 1 of the Dungeon.
             The game lasted 00:00:57 (410 turns).

jaega1 the Charlatan (Demonspawn Artificer)          Turns: 410, Time: 00:00:58

Health: -1/21      AC:  3    Str: 12    XL:     2   Next: 3%
Magic:  2/2        EV: 11    Int: 12    God:
Gold:   8          SH:  0    Dex: 13    Spells: 1/1 levels left

rFire   . . .      SeeInvis .   a - +0 club
rCold   . . .      Faith    .   (no shield)
rNeg    . . .      Spirit   .   b - +0 leather armour
rPois   .          Reflect  .   (no helmet)
rElec   .          Harm     .   (no cloak)
rCorr   .          Rampage  .   (no gloves)
Will    .....                   (no boots)
Stlth   +.........              (no amulet)
HPRegen 0.07/turn               (no ring)
MPRegen 0.16/turn               (no ring)

@: no status effects
A: magic regeneration
a: no special abilities


You were on level 1 of the Dungeon.
You visited 1 branch of the dungeon, and saw 1 of its levels.

You collected 8 gold pieces.

Inventory:

Hand Weapons
 a - a +0 club (weapon)
Armour
 b - a +0 leather armour (worn)
Wands
 c - a wand of flame (15) (quivered)
 d - a wand of charming (15)
 e - a wand of iceblast (9)
Scrolls
 g - a scroll of poison {unknown}
 h - a scroll of blinking {unknown}
Potions
 f - a potion of curing {unknown}


   Skills:
 - Level 1.0 Fighting
 - Level 1.7 Armour
 - Level 0.8 Dodging
 - Level 0.8 Stealth
 * Level 3.6 Evocations


You had one spell level left.
You didn't know any spells.
Your spell library was empty.

Dungeon Overview and Level Annotations

Branches:
Dungeon (1/15)

Altars:


Innate Abilities, Weirdness & Mutations

You regenerate magic rapidly.


Message History

The jackal attacks as you move away!
The jackal bites you but does no damage.
The hobgoblin barely misses you. The kobold hits you but does no damage.
The jackal barely misses you. The kobold attacks as you move away!
The kobold hits you with a +0 dagger. The jackal attacks as you move away!
The jackal bites you but does no damage.
The kobold attacks as you move away! The kobold hits you with a +0 dagger.
The jackal barely misses you. The jackal attacks as you move away!
The jackal bites you but does no damage.
The jackal closely misses you.
You hit the jackal but do no damage. The jackal bites you.
* * * LOW HITPOINT WARNING * * *
The jackal bites you but does no damage.
You hit the jackal but do no damage.
The jackal bites you but does no damage.
You barely miss the jackal. The jackal closely misses you.
The jackal misses you.
You barely miss the jackal. The jackal misses you.
The jackal closely misses you.
You closely miss the jackal.
The jackal bites you but does no damage.
The jackal bites you.
* * * LOW HITPOINT WARNING * * *
You hit the jackal. You punch the jackal, but do no damage.
The jackal is almost dead.
The jackal barely misses you.
The jackal bites you but does no damage.
You barely miss the jackal.
The jackal is almost dead.
The jackal bites you.
* * * LOW HITPOINT WARNING * * *
You barely miss the jackal.
The jackal is almost dead.
The jackal closely misses you. The jackal misses you.
You barely miss the jackal.
The jackal is almost dead.
The jackal closely misses you. The jackal bites you.
You die...

..................#
...≈≈8≈≈≈≈
...#.............#
#§≈≈####
................#
###≈≈≈#<.#
..###...........#
#..≈≈≈#..#
...........#....#
..#§≈≈#''#
##.##......#.##.#
.##≈§8≈≈≈≈ #.
#........##.# ###.
#≈8≈≈≈≈≈ .
##.......g##.###..
#≈≈≈≈§≈≈
#..........Kh@..##.#
##......
..##......####...#.#
##..... # #?.?...#
##.....## ##.###
#......# #.......##
#.... ########
#........## #....
#.........####....
#.......#.)..#....
#.......####......
#.......# ###..^.


You could see a jackal, a hobgoblin and a kobold.

Vanquished Creatures
  A giant cockroach (D:1)
  3 goblins (D:1)
  2 jackals (D:1)
  A frilled lizard (D:1)
7 creatures vanquished.

Notes
Turn   | Place    | Note
-------+----------+-------------------------------------------
     0 | D:1      | jaega1 the Demonspawn Artificer began the quest for the
                  | Orb.
     0 | D:1      | Reached XP level 1. HP: 15/15 MP: 1/1
   350 | D:1      | Gained mutation: You regenerate magic rapidly. [demonic
                  | ancestry]
   350 | D:1      | Reached XP level 2. HP: 19/21 MP: 2/2
   408 | D:1      | HP: 1/21 [jackal (2)]
   410 | D:1      | Slain by a jackal

Illustrated notes

Levels and vault maps discovered:
D:1:      lightli_arrival_boilingwater, layout_rooms, minmay_tiny_reverse_x

Action                   || total
-------------------------++-------
Melee: Club              ||    52
       Punch             ||     4
Armor: Leather armour    ||    38
Dodge: Dodged            ||    61

Table legend: (Time is in decaauts)
 A = Elapsed time spent in this place.
 B = Non-inter-level travel time spent in this place.
 C = Inter-level travel time spent in this place.
 D = Time resting spent in this place.
 E = Time spent auto-exploring this place.
 F = Levels seen in this place.
 G = Mean time per level.
                   A        B        C        D        E       F      G
               +--------+--------+--------+--------+--------+-----+--------+
         Total |    427 |    427 |      0 |    220 |     51 |   1 |  427.0 |
       Dungeon |    427 |    427 |      0 |    220 |     51 |   1 |  427.0 |
               +--------+--------+--------+--------+--------+-----+--------+

Top non-repeatable levels by time:
     D:1: 427 daAuts
